 Dungeon Sprint DCSS version 0.21.0 (webtiles) character file.

790 wojtek the Basher (level 7, -11/105 (106) HPs)
             Began as a Minotaur Berserker on Jan 6, 2018.
             Was a Priest of Trog.
             Mangled by a tyrant leech (28 damage)
             ... in the Dungeon (Sprint II: "The Violet Keep of Menkaure").
             The game lasted 00:00:44 (272 turns).

wojtek the Basher (Minotaur Berserker)               Turns: 272, Time: 00:00:45

HP:   -11/105 (106) AC:  2    Str: 28    XL:     7   Next: 57%
MP:   6/6           EV: 16    Int:  4    God:    Trog [***...]
Gold: 729           SH:  0    Dex: 10    Spells: 6/6 levels left

rFire    . . .     SeeInvis .   a - +0 mace
rCold    . . .     Gourm    .   (no shield)
rNeg     . . .     Faith    .   b - +0 animal skin
rPois    .         Spirit   .   (helmet restricted)
rElec    .         Reflect  .   (no cloak)
rCorr    .         Harm     .   (no gloves)
MR       .....     NoTele   +   (no boots)
Stlth    ..........             (no amulet)
HPRegen  0.27/turn              (no ring)
MPRegen  0.10/turn              (no ring)

@: berserking (expiring), very quick
A: retaliatory headbutt, horns 2
a: Berserk, Trog's Hand, Burn Spellbooks, Renounce Religion


You were in the Dungeon.
You worshipped Trog.
Trog was most pleased with you.
You were very hungry.

You visited 1 branch You collected 729 gold pieces.

Inventory:

Hand Weapons
 a - a +0 mace (weapon)
Armour
 b - a +0 animal skin (worn)
Scrolls
 i - a scroll of blinking
Potions
 d - a potion of curing
 e - a potion of heal wounds
 f - a potion of haste
 g - 2 potions of magic
 h - a potion of berserk rage
Comestibles
 c - a ration
 j - 5 chunks of flesh


   Skills:
 + Level 9.7 Fighting
 * Level 12.7 Maces & Flails
 + Level 9.3 Armour
 + Level 8.5 Dodging


You had 6 spell levels left.
You didn't know any spells.

Dungeon Overview and Level Annotations

Branches:
Dungeon (1/1)

Altars:


Innate Abilities, Weirdness & Mutations

You reflexively headbutt those who attack you in melee.
You have a pair of horns on your head.


Message History

The tyrant leech is lightly wounded.
The tyrant leech bites you!!
The tyrant leech draws strength from your injuries!
You are too injured to fight recklessly!
You are too injured to fight recklessly!
You hit the tyrant leech. Your headbutt misses the tyrant leech.
The tyrant leech is lightly wounded.
You closely miss the tyrant leech.
The tyrant leech is lightly wounded.
You closely miss the tyrant leech.
The tyrant leech is lightly wounded.
The tyrant leech bites you!!
* * * LOW HITPOINT WARNING * * *
The tyrant leech draws strength from your injuries!
You sock the tyrant leech!
The tyrant leech is lightly wounded.
You hit the tyrant leech.
The tyrant leech is lightly wounded.
The tyrant leech bites you!!
You die...

## ## ##. $##
#.. ..# ##
#w#.####
##.###w# #.##
#...##@###..#
#††.<.'.##+
#...##.###..#
##.###'###.##
####.#.####
#.###.#
##.#.## ##+##


You could see 2 tyrant leeches.

Vanquished Creatures
  2 hippogriffs (D)
  4 necrophages (D)
  4 worker ants (D)
10 creatures vanquished.

Vanquished Creatures (others)
  Menkaure (D)
  2 crocodiles (D)
3 creatures vanquished.

Grand Total: 13 creatures vanquished

Notes
Turn   | Place    | Note
-------+----------+-------------------------------------------
     0 | D        | wojtek the Minotaur Berserker began the quest for the Orb.
     0 | D        | Reached XP level 1. HP: 19/19 MP: 0/0
     1 | D        | Noticed a tyrant leech
     1 | D        | Noticed a tyrant leech
     4 | D        | Noticed a worker ant
     4 | D        | Noticed a worker ant
     5 | D        | Noticed a worker ant
     5 | D        | Noticed a worker ant
     6 | D        | Killed a worker ant
     6 | D        | Reached skill level 5 in Maces & Flails
     6 | D        | Reached XP level 2. HP: 28/28 MP: 1/1
     8 | D        | Reached skill level 5 in Fighting
     8 | D        | Reached skill level 6 in Maces & Flails
     8 | D        | Reached XP level 3. HP: 36/36 MP: 2/2
    10 | D        | Reached ** piety under Trog
    10 | D        | Reached skill level 7 in Maces & Flails
    10 | D        | Reached XP level 4. HP: 42/42 MP: 3/3
    12 | D        | Reached skill level 5 in Armour
    16 | D        | Killed a crocodile
    52 | D        | Killed a crocodile
   131 | D        | Noticed a hippogriff
   131 | D        | Noticed a hippogriff
   135 | D        | Killed a hippogriff
   135 | D        | Reached skill level 10 in Maces & Flails
   135 | D        | Reached XP level 5. HP: 52/52 MP: 4/4
   135 | D        | Reached XP level 6. HP: 60/60 MP: 5/5
   138 | D        | Killed a hippogriff
   138 | D        | Reached skill level 11 in Maces & Flails
   196 | D        | Reached *** piety under Trog
   196 | D        | Reached XP level 7. HP: 69/69 MP: 6/6
   201 | D        | Reached skill level 12 in Maces & Flails
   222 | D        | Killed Menkaure
   272 | D        | Mangled by a tyrant leech

Skill      XL: |  1  2  3  4  5  6  7 |
---------------+----------------------+-----
Fighting       | 4 5 7 8 9 |  9.7
Maces & Flails | 5 6 7 10 11 12 | 12.7
Armour         | 3 4 7 8 9 |  9.3
Dodging        | 3 4 6 7 8 |  8.5

Action                   |  1- 3 |  4- 6 |  7- 9 || total
-------------------------+-------+-------+-------++-------
Melee: Mace              |     5 |    11 |    16 ||    32
       Headbutt          |       |     2 |     2 ||     4
Invok: Berserk           |     1 |     2 |     1 ||     4
Armor: Animal skin       |       |     1 |       ||     1
Dodge: Dodged            |     3 |     6 |     2 ||    11
